 Dungeon Crawl Stone Soup version 0.31.0-32-g396128a36d (webtiles) character file.

Game seed: 3489693968783433357

1259 ChadusMaximus the Summoner (level 8, -1/52 HPs)
             Began as a Barachi Summoner on Mar 13, 2024.
             Was an Initiate of Hepliaklqana.
             Slain by a steam dragon (6 damage)
             ... on level 7 of the Dungeon.
             The game lasted 00:09:53 (6906 turns).

ChadusMaximus the Summoner (Barachi Summoner)       Turns: 6906, Time: 00:09:53

Health: -1/52      AC:  8    Str: 10    XL:     8   Next: 51%
Magic:  1/17       EV: 12    Int: 17    God:    Hepliaklqana [......]
Gold:   238        SH:  0    Dex:  9    Spells: 6/19 levels left

rFire   . . .        o - +0 sling
rCold   + . .        (no shield)
rNeg    . . .        a - +0 robe
rPois   .            (no helmet)
rElec   .            z - +2 cloak
rCorr   .            (no gloves)
SInv    .            A - +0 pair of boots
Will    .....        (no amulet)
Stlth   ++           f - ring of protection from cold
HPRegen 0.28/turn    m - ring of flight
MPRegen 0.15/turn

%: no passive effects
@: unable to call your familiar, flying, slow
A: amphibious, slowness 1, strong legs 1, +LOS, iridescent scales 1, clumsy 2,
sense surroundings 1
a: Hop, Renounce Religion


You were on level 7 of the Dungeon.
You worshipped Hepliaklqana.
Hepliaklqana was noncommittal.
You visited 2 branches of the dungeon, and saw 8 of its levels.

You collected 238 gold pieces.

Inventory:

Hand Weapons
 c - a +0 club
 e - a +0 short sword of flaming
 o - a +0 sling (weapon)
Armour
 a - a +0 robe (worn)
 z - a +2 cloak (worn)
 A - a +0 pair of boots (worn)
Jewellery
 f - a ring of protection from cold (left hand)
 m - a ring of flight (right hand)
 w - a ring of ice
Wands
 n - a wand of flame (11)
Scrolls
 g - a scroll of enchant weapon
 k - a scroll of amnesia
 l - a scroll of vulnerability
 p - 2 scrolls of noise
 r - 2 scrolls of fog
 s - a scroll of fear
 t - 2 scrolls of immolation
 u - a scroll of enchant armour
 y - 2 scrolls of teleportation
Potions
 b - 3 potions of magic
 d - a potion of curing
 j - 2 potions of might
 q - 2 potions of ambrosia
 v - a potion of enlightenment {unknown}
 x - a potion of lignification {unknown}
 B - a potion of heal wounds {unknown}
 C - 2 potions of mutation


   Skills:
 - Level 2.1 Dodging
 - Level 1.7 Stealth
 + Level 6.1 Spellcasting
 * Level 10.9 Summonings


You had 6 spell levels left.
You knew the following spells:

 Your Spells              Type           Power      Damage    Failure   Level
a - Summon Small Mammal   Summ           100%       N/A       1%          1
b - Call Canine Familiar  Summ           42%        N/A       1%          3
c - Call Imp              Summ           84%        N/A       1%          2
d - Summon Lightning Spi  Summ/Air       23%        N/A       13%         4
e - Summon Ice Beast      Ice/Summ       23%        N/A       4%          3

Your spell library contained the following spells:

 Spells                   Type           Power      Damage    Failure   Level
 Kiss of Death            Conj/Necr      20%        2d7       13%         1
 Magic Dart               Conj           20%        1d4       13%         1
 Necrotise                Necr           20%        1d5       13%         1
 Slow                     Hex            20%        N/A       13%         1
 Martyr's Knell           Necr/Summ      23%        N/A       13%         4
 Summon Blazeheart Golem  Fire/Summ      23%        N/A       13%         4
 Cigotuvi's Dreadful Rot  Necr/Alch/Air  10%        N/A       19%         2
 Mercury Vapours          Alch/Air       10%        N/A       19%         2
 Searing Ray              Conj           10%        2d4       19%         2
 Confusing Touch          Hex            5%         N/A       36%         3
 Fugue of the Fallen      Necr           5%         N/A       36%         3
 Ozocubu's Armour         Ice            5%         N/A       36%         3
 Sigil of Binding         Hex            5%         N/A       36%         3
 Vampiric Draining        Necr           5%         2d6       36%         3
 Summon Mana Viper        Hex/Summ       23%        N/A       36%         5
 Dispel Undead            Necr           5%         3d7       77%         4
 Fulminant Prism          Conj/Alch      2%         3d5       77%         4
 Manifold Assault         Tloc           5%         N/A       77%         4
 Vhi's Electric Charge    Tloc/Air       10%        N/A       77%         4
 Arcjolt                  Conj/Air       2%         1d12      98%         5
 Curse of Agony           Necr           5%         N/A       98%         5
 Freezing Cloud           Conj/Ice/Air   2%         6-21      98%         5
 Metabolic Englaciation   Hex/Ice        2%         N/A       98%         5
 Sculpt Simulacrum        Ice/Alch       2%         N/A       100%        6
 Monstrous Menagerie      Summ           21%        N/A       77%         7
 Summon Horrible Things   Summ           21%        N/A       100%        8


Dungeon Overview and Level Annotations

Branches:
Dungeon (7/15)             Temple (1/1) D:7

Altars:
Ashenzari
Dithmenos
Elyvilon
Fedhas
Gozag
Hepliaklqana
Kikubaaqudgha
Nemelex Xobeh
Okawaru
Qazlal
Ru
Sif Muna
Trog
Vehumet
Wu Jian
Xom
Yredelemnul
Zin
The Shining One

Shops:
D:4 =   D:5 (

Annotations:
D:7 Joseph


Innate Abilities, Weirdness & Mutations

You are amphibious.
You cover ground slowly.
You can hop short distances.
You have an extended range of vision and can be seen from far away.
You are partially covered in iridescent scales. (AC +2)
You are very clumsy. (Dex -4)
You passively map a small area around you.


Message History

Your inugami is engulfed in a cloud of scalding steam.
You see here a howler monkey corpse.
Your inugami is engulfed in a cloud of scalding steam.
What are your orders? t - Croak!
Orders for allies: a - Attack new target. r - Retreat! s - Stop attacking. g - Guard the area. f - Follow me.
Anything else - Cancel.
Gang up on whom?
Press: ? - help, Dir - move target, f - steam dragon
Aim: a steam dragon (ally target) Attack!
The steam dragon breathes steam at you. The ball of steam hits your inugami!
Your inugami dies!
Your inugami disappears in a puff of smoke!
The ball of steam hits your ice beast!!
You are engulfed in a cloud of scalding steam.
You are engulfed in a cloud of scalding steam.
Found a ring mail.
The steam dragon breathes steam at you. The ball of steam hits your ice beast!
Your ice beast dies!
Your ice beast disappears in a puff of smoke!
The ball of steam hits you!
Your lightning spire disappears in a puff of smoke!
A steam dragon comes into view.
You see here a howler monkey corpse.
Unknown command.
Casting: Summon Ice Beast (dangerous; 4% risk of failure)
Confirm with . or Enter, or press ? or * to list all spells.
An electric hum fills the air.
The steam dragon hisses angrily.
The steam dragon breathes steam at you.
The ball of steam hits the steam dragon!
The steam dragon resists.
The ball of steam hits you!!
* * * LOW HITPOINT WARNING * * *
The steam dragon bites you.
You die...

..†....######D##.....# *
..# .............§§..# *,
..# .......#####..#### **
.......#* #.########## .
.........# #D.........#.#
,
.......#..##§...........#
*
###.#####.....§.........#
..# ####...D......# * ,
+### #§§†.@.....# * ~ ~
#.§8§.§....# * *
#§.§...§...#
#.§...........# *
#.#...........#*
#.##........... #.
#.####...... ..*#.#
...... [. ..# ......


You could see a steam dragon (ally target) and a friendly lightning spire
(summoned).

Vanquished Creatures
  A howler monkey (D:5)
  An adder (D:3)
  3 dart slugs
  A ribbon worm (D:3)
  4 orcs
  3 ball pythons
  2 bats (D:2)
  10 endoplasms
  5 giant cockroaches
  2 goblins
  A hobgoblin (D:2)
  2 quokkas
  4 kobolds
  4 rats
43 creatures vanquished.

Vanquished Creatures (collateral kills)
  A steam dragon (D:7)
  A water moccasin (D:6)
  A sky beast (D:7)
  An orc warrior (D:6)
  An ice beast (D:5)
  A centaur (D:7)
  A phantom (D:5)
  A scorpion (D:5)
  3 howler monkeys (D:7)
  A bombardier beetle (D:4)
  A hound (D:6)
  An orc priest (D:6)
  An iguana (D:4)
  A sleepcap (D:7)
  5 orc wizards (D:6)
  3 gnolls (D:4)
  3 adders
  A shadow imp (D:7)
  A dart slug (D:1)
  A ribbon worm (D:4)
  10 orcs
  2 ball pythons
  3 endoplasms
  2 giant cockroaches
  2 goblins
  5 hobgoblins
  A quokka (D:1)
  A bat (D:1)
  3 frilled lizards
  2 kobolds
  A rat (D:1)
62 creatures vanquished.

Grand Total: 105 creatures vanquished

Notes
Turn   | Place    | Note
-------+----------+-------------------------------------------
     0 | D:1      | ChadusMaximus the Barachi Summoner began the quest for the
                  | Orb.
     0 | D:1      | Reached XP level 1. HP: 13/13 MP: 3/3
    69 | D:1      | Reached skill level 5 in Summonings
   271 | D:1      | Reached XP level 2. HP: 15/19 MP: 3/5
   737 | D:1      | Reached XP level 3. HP: 21/24 MP: 7/7
  1021 | D:1      | Learned a level 3 spell: Call Canine Familiar
  1024 | D:1      | Learned a level 2 spell: Call Imp
  1308 | D:2      | Reached skill level 6 in Summonings
  1736 | D:2      | Reached XP level 4. HP: 26/30 MP: 8/8
  2579 | D:4      | Reached XP level 5. HP: 33/35 MP: 6/10
  2677 | D:4      | Reached skill level 7 in Summonings
  2880 | D:4      | Found an iron altar of Okawaru.
  2969 | D:4      | Gained mutation: You have hidden genetic defects. [potion
                  | of mutation]
  2969 | D:4      | Gained mutation: You are partially covered in iridescent
                  | scales. (AC +2) [potion of mutation]
  2969 | D:4      | Gained mutation: You passively map a small area around you.
                  | [potion of mutation]
  3354 | D:4      | Found Xogimeg's Jewellery Shoppe.
  3660 | D:5      | Entered Level 5 of the Dungeon
  3665 | D:5      | Reached XP level 6. HP: 41/41 MP: 10/12
  3685 | D:5      | Gained mutation: You are clumsy. (Dex -2) [hidden defects]
  3809 | D:5      | Found Foatiero's Weapon Shoppe.
  3869 | D:5      | Gained mutation: You are very clumsy. (Dex -4) [hidden
                  | defects]
  3869 | D:5      | Lost mutation: You have hidden genetic defects. [hidden
                  | defects expressed]
  4152 | D:5      | Reached skill level 8 in Summonings
  4297 | D:5      | Noticed an ice beast
  4315 | D:5      | Killed an ice beast
  4316 | D:5      | Reached XP level 7. HP: 37/46 MP: 3/13
  4633 | D:5      | Found an ancient bone altar of Kikubaaqudgha.
  4860 | D:6      | Learned a level 4 spell: Summon Lightning Spire
  4864 | D:6      | Learned a level 3 spell: Summon Ice Beast
  5215 | D:6      | Reached skill level 9 in Summonings
  5219 | D:6      | Reached skill level 5 in Spellcasting
  6054 | D:7      | Noticed Joseph
  6055 | D:7      | Reached XP level 8. HP: 6/52 MP: 8/16
  6249 | D:6      | Identified a scroll of acquirement
  6250 | D:6      | Acquired the Treatise on the Hazy Swarm
  6263 | D:6      | Reached skill level 10 in Summonings
  6407 | D:7      | Found a staircase to the Ecumenical Temple.
  6456 | Temple   | Entered the Ecumenical Temple
  6637 | Temple   | Became a worshipper of Hepliaklqana the Forgotten
  6906 | D:7      | Slain by a steam dragon

Illustrated notes

Levels and vault maps discovered:
D:1:      amcnicky_arrival_underground_garden, layout_loops_ring
D:2:      layout_loops_ring, serial_forest, infiniplex_forest_clump_diagonal,
          infiniplex_forest_clump_diagonal, infiniplex_forest_end_1,
          infiniplex_forest_lined_2, infiniplex_forest_clump_diagonal,
          infiniplex_forest_lined_room_2, infiniplex_forest_corner_2,
          infiniplex_forest_lined_4_way, infiniplex_forest_straight_3,
          infiniplex_forest_lined_3, kennysheep_path_1, minmay_circle_x
D:3:      layout_basic, minivault_27
D:4:      layout_basic, nicolae_overflow_crystal_walls, serial_shops,
          nicolae_shop_gaudy_bauble, minmay_misc_feat_chi
D:5:      layout_loops_ring, lemuel_coloured_pillars_altar, serial_shops,
          nicolae_shop_bloodbath_and_beyond, grunt_ministairs_11
D:6:      layout_basic
D:7:      layout_rooms, temple_hall_moat, enter_bailey_3,
          kennysheep_generic_room_13, uniq_joseph
Temple:   minmay_temple_bridge_d

Skill      XL: |  1  2  3  4  5  6  7  8 |
---------------+-------------------------+-----
Summonings     | 5 6 7 8 9 10 | 10.9
Spellcasting   | 3 4 5 6 |  6.1
Dodging        | |  2.1
Stealth        | |  1.7

Action                     |  1- 3 |  4- 6 |  7- 9 || total
---------------------------+-------+-------+-------++-------
  Melee: Club              |   119 |       |       ||   119
         Unarmed           |     2 |       |       ||     2
         Punch             |     2 |       |       ||     2
   Fire: Sling             |    19 |   120 |    31 ||   170
   Cast: Summon Small Mamm |    27 |     6 |     8 ||    41
         Call Imp          |     2 |     9 |    12 ||    23
         Call Canine Famil |     1 |    11 |    10 ||    22
         Summon Lightning  |       |       |     9 ||     9
         Summon Ice Beast  |       |       |     3 ||     3
Ability: Hop               |       |       |     1 ||     1
    Use: Potion            |       |     4 |       ||     4
         Scroll            |       |       |    14 ||    14
   Stab: Sleeping          |     2 |       |       ||     2
         Distracted        |     1 |       |       ||     1
 Armour: Robe              |    96 |    41 |    57 ||   194
  Dodge: Dodged            |   108 |    64 |    25 ||   197
